 Dungeon Crawl Stone Soup version 0.20-a0-1000-g0e8f6bb (webtiles) character file.

2905 Murumi the Unseen (level 9, -3/82 HPs)
             Began as a Naga Enchanter on Apr 11, 2017.
             Was a Follower of Cheibriados.
             Slain by Grum
             ... wielding a +0 glaive
              (20 damage)
             ... on level 8 of the Dungeon.
             The game lasted 00:35:52 (9283 turns).

Murumi the Unseen (Naga Enchanter)                  Turns: 9283, Time: 00:35:53

Health: -3/82      AC: 10    Str: 13    XL:     9   Next: 78%
Magic:  9/13       EV: 11    Int: 18    God:    Cheibriados [*.....]
Gold:   83         SH:  0    Dex: 16    Spells: 9/14 levels left

rFire    . . .     SeeInvis +   v - +2 dagger (holy)
rCold    . . .     Gourm    +   (no shield)
rNeg     + . .     Faith    .   E - +2 robe {rN+}
rPois    +         Spirit   .   a - +0 helmet
rElec    .         Reflect  .   t - +1 cloak
rCorr    .         Harm     .   D - +0 pair of gloves (curse)
MR       ++...                  (no barding)
Stlth    +++++++...             H - amulet of the gourmand
Regen    0.3/turn               e - ring of stealth
MPRegen  0.2/turn               z - ring of protection from magic

@: very slightly contaminated, invisible, very slow
A: see invisible, deformed body, poison resistance, slowness 2, slow metabolism
1, spit poison 1, AC +3
a: Spit Poison, Bend Time, Renounce Religion


You were on level 8 of the Dungeon.
You worshipped Cheibriados.
Cheibriados was aware of your devotion.
You were not hungry.

You visited 2 branches of the dungeon, and saw 9 of its levels.

You collected 378 gold pieces.
You spent 295 gold pieces at shops.

Inventory:

Hand Weapons
 v - a +2 dagger of holy wrath (weapon)
Armour
 a - a +0 helmet (worn)
 t - a +1 cloak (worn)
 D - a cursed +0 pair of gloves (worn)
 E - a +2 robe of positive energy (worn)
 F - a +0 robe of fire resistance
Jewellery
 e - a ring of stealth (left hand)
 j - an uncursed ring of ice
 y - an uncursed ring of positive energy
 z - a ring of protection from magic (right hand)
 H - an amulet of the gourmand (around neck)
Wands
 b - a wand of confusion (1/48)
 m - a wand of lightning (9/15)
 r - a wand of flame (20/48)
 u - a wand of scattershot (4/9)
 G - a wand of paralysis (15/24)
Scrolls
 w - 2 scrolls of amnesia
 x - a scroll of magic mapping
 A - 2 scrolls of enchant weapon
 C - a scroll of teleportation
 I - a scroll of fog
Potions
 g - 3 potions of haste
 i - a potion of might
 k - 5 potions of flight
 l - 3 potions of curing
 n - a potion of magic {unknown}
 p - a potion of agility {unknown}
 q - a potion of heal wounds {unknown}
 s - a potion of lignification {unknown}
 B - a potion of cancellation {unknown}
Books
 c - a book of Maledictions

   Spells                             Type                      Level
   a - Corona                         Hexes                        1
   b - Ensorcelled Hibernation        Hexes/Ice                    2
   c - Confuse                        Hexes                        3
   d - Tukima's Dance                 Hexes                        3
   e - Dazzling Spray                 Conjuration/Hexes            3
Comestibles
 d - 6 bread rations
 f - 4 meat rations
 h - 5 fruits
 J - a chunk of flesh


   Skills:
 - Level 6.2 Fighting
 - Level 4.1 Short Blades
 - Level 2.3 Dodging
 - Level 15.2 Stealth
 - Level 3.0 Spellcasting
 + Level 3.4 Hexes


You had 9 spell levels left.
You knew the following spells:

 Your Spells              Type           Power        Failure   Level  Hunger
a - Confuse               Hex            ###.....     14%         3    ###....
b - Ensorcelled Hibernat  Hex/Ice        #.....       14%         2    ##.....


Dungeon Overview and Level Annotations

Branches:
Dungeon (8/15)             Temple (1/1) D:7
   Lair: D:8-11

Altars:
Ashenzari
Cheibriados
Dithmenos
Elyvilon
Fedhas
Gozag
Hepliaklqana
Kikubaaqudgha
Makhleb
Nemelex Xobeh
Okawaru
Ru
Sif Muna
Trog
Uskayaw
Vehumet
Wu Jian
Xom
Yredelemnul
Zin
The Shining One

Shops:
D:6 [[   D:7 [   D:8 [}?

Annotations:
D:8 Grum


Innate Abilities, Weirdness & Mutations

You cannot wear boots.
Your serpentine skin is tough. (AC +3)
You have supernaturally acute eyesight. (SInv)
Armour fits poorly on your strangely shaped body.
Your system is resistant to poisons. (rPois)
You cover ground very slowly.
You have a slow metabolism.
You can spit poison.


Message History

Press: ? - help, Shift-Dir - straight line, f - wolf
Aim: a wolf (chance to defeat MR: 39%)
The wolf resists with some effort.
The wolf bites you. Grum hits you from afar with a glaive!
The wolf bites you but does no damage.
Casting: Ensorcelled Hibernation
Confirm with . or Enter, or press ? or * to list all spells.
Aiming: Ensorcelled Hibernation
Press: ? - help, Shift-Dir - straight line, f/p - wolf
Aim: a wolf (chance to defeat MR: 39%)
The wolf looks drowsy...
Grum hits you from afar with a glaive!
* * * LOW HITPOINT WARNING * * *
The helpless wolf fails to defend itself.
You skewer the wolf like a kebab!!!!
You kill the wolf!
Cheibriados thoroughly appreciates the change of pace.
You fade into invisibility!
Grum barely misses you.
You are very lightly contaminated with residual magic.
Grum hits you with a glaive!!
You die...

.# #.<###.#.....#........#
###..###..#)###.#........#
#...###..##.......#......#
.............###.##.8.8.8#
..####.####.##...##..⌠.⌠.#
.# #......##.####.8.∩.8###
# #......##.# #..h⌠.⌠....
#.........###h#8.8.8...
####..........@gh##h......
#..........####### .......
#........### .......
#........# #######
#........# #####....#
#....# ######


You could see Grum and 3 wolves.

Vanquished Creatures
  A two-headed ogre (D:8)
  An orc warrior (D:6)
  2 ice beasts (D:7)
  The ghost of Rrauwl the Skirmisher, an amateur BuMo (D:3)
  A necrophage (D:7)
  A phantom (D:7)
  A wolf (D:8)
  4 ogres
  A centaur (D:5)
  A big kobold (D:7)
  4 bullfrogs
  A scorpion (D:5)
  2 crimson imps
  3 jellies
  2 hounds
  A bullfrog zombie (D:5)
  2 orc priests
  Crazy Yiuf (D:2)
  3 orc wizards
  Terence (D:2)
  3 worker ants
  2 hound zombies
  A hound skeleton (D:5)
  A howler monkey zombie (D:8)
  A worker ant zombie (D:6)
  4 gnolls (D:7)
  10 adders
  A shadow imp (D:6)
  An ooze (D:7)
  3 adder skeletons
  An adder zombie (D:5)
  2 worms
  A dart slug (D:3)
  4 leopard geckos
  17 orcs
  7 giant cockroaches
  10 goblins
  4 hobgoblins
  2 jackals (D:3)
  18 kobolds
  4 quokkas
  A ball python (D:3)
  8 bats
  8 frilled lizards
  A giant cockroach zombie (D:5)
  A leopard gecko skeleton (D:6)
  15 rats
165 creatures vanquished.

Notes
Turn   | Place    | Note
-------+----------+-------------------------------------------
     0 | D:1      | Murumi the Naga Enchanter began the quest for the Orb.
     0 | D:1      | Reached XP level 1. HP: 15/15 MP: 3/3
   388 | D:1      | Reached XP level 2. HP: 18/22 MP: 5/5
   744 | D:1      | Learned a level 2 spell: Ensorcelled Hibernation
   890 | D:1      | Reached skill level 1 in Fighting
  1071 | D:1      | Reached XP level 3. HP: 31/31 MP: 6/6
  1110 | D:1      | Learned a level 3 spell: Confuse
  1512 | D:2      | Reached skill level 5 in Stealth
  1529 | D:2      | Found a runed door.
  1613 | D:2      | Found a shadowy altar of Dithmenos.
  1919 | D:2      | Noticed Terence
  1930 | D:2      | Killed Terence
  1930 | D:2      | Reached skill level 6 in Stealth
  1930 | D:2      | Reached XP level 4. HP: 22/38 MP: 4/7
  2563 | D:2      | Noticed Crazy Yiuf
  2568 | D:2      | Killed Crazy Yiuf
  2568 | D:2      | Reached skill level 7 in Stealth
  2568 | D:2      | Reached XP level 5. HP: 36/44 MP: 5/8
  2681 | D:3      | Noticed Rrauwl's ghost (amateur BuMo)
  2835 | D:3      | Found a white marble altar of Elyvilon.
  2848 | D:3      | Killed Rrauwl's ghost
  2848 | D:3      | Reached skill level 9 in Stealth
  2848 | D:3      | Reached XP level 6. HP: 35/51 MP: 9/9
  2967 | D:3      | Found a deep blue altar of Sif Muna.
  3820 | D:4      | Found a basalt altar of Yredelemnul.
  4444 | D:5      | Entered Level 5 of the Dungeon
  4598 | D:5      | Reached skill level 10 in Stealth
  4869 | D:5      | Reached XP level 7. HP: 60/60 MP: 5/10
  5212 | D:5      | Found a glowing golden altar of the Shining One.
  5480 | D:6      | Reached skill level 11 in Stealth
  5627 | D:5      | Reached skill level 12 in Stealth
  5627 | D:5      | Reached XP level 8. HP: 27/67 MP: 7/12
  6217 | D:6      | HP: 3/67 [ogre/giant club (27)]
  6980 | D:6      | Found Visud's Antique Armour Boutique.
  6988 | D:6      | Bought a pair of gloves for 126 gold pieces
  6988 | D:6      | Bought a runed robe for 103 gold pieces
  7103 | D:6      | Found Osutoer's Antique Armour Shoppe.
  7742 | D:7      | Reached skill level 5 in Fighting
  7818 | D:7      | Reached XP level 9. HP: 73/82 MP: 6/13
  8087 | D:7      | Found Efuabad's Armour Emporium.
  8155 | D:6      | Bought an embroidered robe for 66 gold pieces
  8266 | D:7      | Found a staircase to the Ecumenical Temple.
  8272 | Temple   | Entered the Ecumenical Temple
  8340 | Temple   | Became a worshipper of Cheibriados the Contemplative
  8952 | D:7      | Reached skill level 13 in Stealth
  9035 | D:8      | Found Moczix's Gadget Emporium.
  9059 | D:8      | Found an iron altar of Okawaru.
  9092 | D:8      | Found Akiwywk's Antique Armour Shoppe.
  9199 | D:8      | Reached * piety under Cheibriados
  9232 | D:8      | Noticed a two-headed ogre
  9235 | D:8      | Killed a two-headed ogre
  9235 | D:8      | Reached skill level 15 in Stealth
  9268 | D:8      | Found Ciycar's Magic Scroll Emporium.
  9270 | D:8      | Noticed Grum
  9283 | D:8      | Slain by Grum

Vault maps used:
D:1:      lordsloth_arrival_two_stooges, minmay_rat_gold_closets
D:2:      nicolae_overflow_crystal_walls, uniq_crazy_yiuf_cottage, uniq_terence
D:3:      minmay_door_path, elyvilon_altar_3, lemuel_crystal_altar, first_bread
D:4:      yredelemnul_altar_generic
D:5:      old_standard_altar
D:6:      serial_shops, nicolae_shop_competitors_out_of_business,
          nicolae_shop_competitors_out_of_business
D:7:      minmay_temple_entry_enclosed_plants, serial_co_window_serial,
          co_window_paths_b, co_window_paths_a, co_window_of_opportunity_a,
          co_window_paths_a, co_window_cross_1, co_window_of_opportunity_b,
          co_window_2corner, co_window_corner_b, co_window_4corner_a,
          co_window_paths_e, glass_columns_b, glass_columns_b, glass_columns_c,
          glass_columns_a, serial_shops, kennysheep_mini
D:8:      serial_shops, shop, shop, nicolae_shop_temple_entry_statues_fountains,
          shop, okawaru_gym_becter, uniq_grum
Temple:   eino_temple_scatter_basement

Skill      XL: |  1  2  3  4  5  6  7  8  9 |
---------------+----------------------------+-----
Dodging        | 2 |  2.3
Fighting       | 1 2 5 6 |  6.2
Stealth        | 6 7 9 10 12 15 | 15.2
Short Blades   | 2 4 |  4.1
Spellcasting   | 3 |  3.0
Hexes          | |  3.4

Action                   |  1- 3 |  4- 6 |  7- 9 || total
-------------------------+-------+-------+-------++-------
Melee: Dagger            |    74 |   128 |   243 ||   445
 Cast: Ensorcelled Hiber |     1 |     7 |    31 ||    39
       Confuse           |       |       |     5 ||     5
 Abil: Spit Poison       |    20 |    17 |    12 ||    49
Evoke: Wand              |       |       |     1 ||     1
  Use: Scroll            |     4 |     8 |     9 ||    21
       Potion            |       |     1 |     2 ||     3
 Stab: Sleeping          |    21 |    25 |    36 ||    82
       Invisible         |       |       |     1 ||     1
       Confused          |       |       |     2 ||     2
  Eat: Chunk             |     2 |    10 |    11 ||    23
       Meat ration       |       |       |     1 ||     1
Armor: Robe              |    15 |    31 |    73 ||   119
Dodge: Dodged            |    53 |    52 |   120 ||   225
